 Dungeon Crawl Stone Soup version 0.29.1-15-g9cfb28693d (webtiles) character file.

Game seed: 17904258629616323620

4228 croobank the Sneak (level 10, -10/67 HPs)
             Began as a Demonspawn Fire Elementalist on Mar 19, 2023.
             Was a Follower of Sif Muna.
             Mangled by a slime creature (12 damage)
             ... on level 9 of the Dungeon.
             The game lasted 00:29:13 (11389 turns).

croobank the Sneak (Demonspawn Fire Elementalist)  Turns: 11389, Time: 00:29:14

Health: -10/67     AC:  8    Str: 15    XL:     10   Next: 9%
Magic:  14/19      EV: 15    Int: 21    God:    Sif Muna [*.....]
Gold:   367        SH:  0    Dex: 17    Spells: 14/21 levels left

rFire   . . .      SeeInvis .   a - +5 flail
rCold   . . .      Faith    .   (no shield)
rNeg    . . .      Spirit   .   h - +2 robe
rPois   .          Reflect  .   (helmet restricted)
rElec   .          Harm     .   l - +0 cloak
rCorr   .          Rampage  .   (no gloves)
Will    .....                   d - +2 pair of boots
Stlth   ++++++....              (no amulet)
HPRegen 0.21/turn               y - +6 ring of strength
MPRegen 0.16/turn               (no ring)

@: no status effects
A: antennae 1, thin skeletal structure 2, foul stench 2, powered by death 1
a: Renounce Religion, Channel Magic


You were on level 9 of the Dungeon.
You worshipped Sif Muna.
Sif Muna was aware of your devotion.
You visited 2 branches of the dungeon, and saw 10 of its levels.

You collected 427 gold pieces.
You spent 60 gold pieces at shops.

Inventory:

Hand Weapons
 a - a +5 flail (weapon)
 b - a +0 arbalest
 f - a +0 dire flail
 o - a +0 war axe
 w - a +0 morningstar
 B - a +1 vampiric whip
 C - a +1 whip of electrocution
 D - a +2 dagger of protection
 F - a +0 long sword
 G - a +4 short sword
Missiles
 k - 3 javelins
 E - 29 poisoned darts
 I - 3 throwing nets
 L - 9 boomerangs
Armour
 d - a +2 pair of boots (worn)
 h - a +2 robe (worn)
 l - a +0 cloak (worn)
Magical Staves
 e - a staff of air
 v - a staff of earth
Jewellery
 y - a +6 ring of strength (left hand)
 H - a +4 ring of slaying
 K - a +4 ring of evasion
Wands
 g - a wand of iceblast (3)
 n - a wand of polymorph (8)
Scrolls
 j - a scroll of identify
 m - a scroll of acquirement {unknown}
 q - a scroll of torment {unknown}
 r - 3 scrolls of poison {unknown}
 s - a scroll of enchant armour
 u - 2 scrolls of fear {unknown}
Potions
 c - 2 potions of mutation
 i - a potion of attraction {unknown}
 p - a potion of curing
 t - a potion of flight
 x - a potion of resistance
 z - a potion of berserk rage {unknown}
 A - a potion of invisibility {unknown}


   Skills:
 * Level 1.8 Fighting
 + Level 6.1 Dodging
 + Level 6.6 Stealth
 + Level 6.2 Spellcasting
 + Level 6.4 Conjurations
 + Level 6.4 Fire Magic
 + Level 1.4 Invocations


You had 14 spell levels left.
You knew the following spells:

 Your Spells              Type           Power      Damage    Failure   Level
a - Foxfire               Conj/Fire      100%       2x1d9     1%          1
b - Scorch                Fire           66%        2d8       1%          2
c - Flame Wave            Conj/Fire      33%        2d10      7%          4

Your spell library contained the following spells:

 Spells                   Type           Power      Damage    Failure   Level
 Conjure Flame            Conj/Fire      33%        6-21      1%          3
 Inner Flame              Hex/Fire       20%        N/A       8%          3
 Summon Forest            Summ/Tloc      3%         N/A       95%         5
 Eringya's Noxious Bog    Tmut/Pois      3%         N/A       100%        6
 Summon Hydra             Summ           3%         N/A       100%        7


Dungeon Overview and Level Annotations

Branches:
Dungeon (9/15)             Temple (1/1) D:7
   Lair: D:8-11         Orc: D:9-12

Altars:
Cheibriados
Dithmenos
Fedhas
Hepliaklqana
Makhleb
Nemelex Xobeh
Okawaru
Qazlal
Ru
Sif Muna
Trog
Uskayaw
Vehumet
Wu Jian
Xom
Yredelemnul

Shops:
D:4 !   D:8 *


Innate Abilities, Weirdness & Mutations

You have a pair of small antennae on your head.
You have a moderately thin skeletal structure. (Dex +4, Stealth++)
You sometimes emit foul miasma when damaged in melee.
You regenerate a little health from kills.


Message History

Sif Muna accepts your kill.
The flame wave engulfs the slime creature!
The slime creature is moderately wounded.
The flame wave engulfs the orc warrior!
The orc warrior is moderately wounded.
The orc priest hits you with a +0 falchion.
The orc warrior misses you. The orc wizard closely misses you.
The slime creature hits you!
* * * LOW HITPOINT WARNING * * *
You emit a cloud of foul miasma!
The slime creature hits you.
* * * LOW HITPOINT WARNING * * *
The slime creature hits you but does no damage.
You feel much better. The orc priest closely misses you.
The orc wizard points at you and mumbles some strange words.
The magic dart hits you.
The slime creature is engulfed in dark miasma.
The slime creature is poisoned.
The slime creature closely misses you.
The orc warrior hits you from afar with a +0 glaive.
The slime creature barely misses you.
The slime creature hits you but does no damage.
Casting: Flame Wave (dangerous; 7% risk of failure)
Confirm with . or Enter, or press ? or * to list all spells.
Casting: Flame Wave (dangerous; 7% risk of failure)
Press: ? - help, Dir - look around, f - activate
Okay, then.
Casting: Flame Wave (dangerous; 7% risk of failure)
Confirm with . or Enter, or press ? or * to list all spells.
Casting: Flame Wave (dangerous; 7% risk of failure)
Press: ? - help, Dir - look around, f - activate
Okay, then.
The orc priest misses you.
The orc warrior hits you from afar with a +0 glaive!!
* * * LOW HITPOINT WARNING * * *
The orc wizard gestures at you while chanting.
You easily resist.
The slime creature is engulfed in dark miasma.
The slime creature seems to slow down.
The slime creature hits you.
* * * LOW HITPOINT WARNING * * *
The slime creature hits you!
You die...

g###...O.##
##....#
###....###
#.....##.
###..#....
.#..?.###.
.........## .
.....ooS..#....
......J@J.....#
#.....oJ....###
#.......)..##
...........#
...........#
..#........# .
#.........
...........


You could see 3 slime creatures, an orc warrior, a water moccasin, an orc priest
and an orc wizard.

Vanquished Creatures
  Maurice (D:8)
  A hornet (D:8)
  A slime creature (D:8)
  Sigmund (D:5)
  2 steam dragons (D:8)
  An acid dragon (D:8)
  A water moccasin (D:8)
  An orc warrior (D:8)
  A black bear (D:8)
  An ice beast (D:7)
  4 ogres
  A centaur (D:7)
  3 kobold brigands
  A phantom (D:6)
  3 bullfrogs
  2 scorpions
  A necrophage (D:4)
  3 gnoll sergeants (D:8)
  5 wights
  3 howler monkeys
  3 gnoll boudas
  A jelly (D:4)
  3 orc priests
  7 hounds
  2 iguanas
  3 orc wizards
  14 adders
  17 gnolls
  A shadow imp (D:8)
  2 white imps
  3 ufetubi
  3 worms
  2 dart slugs
  18 orcs
  10 ball pythons
  5 bats
  7 endoplasms
  2 giant cockroaches
  7 goblins
  9 hobgoblins
  3 jackals (D:8)
  2 quokkas (D:1)
  3 frilled lizards
  18 kobolds
  6 rats
188 creatures vanquished.

Vanquished Creatures (others)
  404 foxfires
404 creatures vanquished.

Grand Total: 592 creatures vanquished

Notes
Turn   | Place    | Note
-------+----------+-------------------------------------------
     0 | D:1      | croobank the Demonspawn Fire Elementalist began the quest
                  | for the Orb.
     0 | D:1      | Reached XP level 1. HP: 13/13 MP: 3/3
   213 | D:1      | Gained mutation: You may rarely emit foul miasma when
                  | damaged in melee. [demonic ancestry]
   213 | D:1      | Reached XP level 2. HP: 19/19 MP: 0/5
   517 | D:1      | Learned a level 2 spell: Scorch
   662 | D:1      | Found a faded altar of an unknown god.
   676 | D:1      | Gained mutation: You sometimes emit foul miasma when
                  | damaged in melee. [demonic ancestry]
   676 | D:1      | Reached XP level 3. HP: 20/24 MP: 2/6
  1387 | D:2      | Reached XP level 4. HP: 30/30 MP: 4/7
  2283 | D:3      | Found a sparkling altar of Nemelex Xobeh.
  2284 | D:3      | Found a radiant altar of Vehumet.
  2285 | D:3      | Found a shadowy altar of Dithmenos.
  2994 | D:4      | Reached XP level 5. HP: 35/35 MP: 7/9
  2999 | D:4      | Learned a level 4 spell: Flame Wave
  3121 | D:5      | Entered Level 5 of the Dungeon
  3433 | D:4      | Gained mutation: You have a pair of small antennae on your
                  | head. [demonic ancestry]
  3433 | D:4      | Reached XP level 6. HP: 39/41 MP: 1/10
  3652 | D:4      | Found Plog's Distillery.
  3659 | D:4      | Bought a potion of heal wounds for 60 gold pieces
  5071 | D:5      | Noticed Sigmund
  5079 | D:5      | Killed Sigmund
  5080 | D:5      | Gained mutation: You have a somewhat thin skeletal
                  | structure. (Dex +2, Stealth+) [demonic ancestry]
  5080 | D:5      | Reached XP level 7. HP: 29/46 MP: 3/12
  6285 | D:6      | Gained mutation: You regenerate a little health from kills.
                  | [demonic ancestry]
  6285 | D:6      | Reached XP level 8. HP: 52/52 MP: 8/14
  7486 | D:7      | Reached skill level 5 in Stealth
  7486 | D:7      | Reached skill level 5 in Fire Magic
  7585 | D:8      | Found Jemoy's General Store.
  7751 | D:8      | Reached skill level 5 in Spellcasting
  7751 | D:8      | Reached skill level 5 in Conjurations
  7764 | D:9      | Noticed a two-headed ogre
  7772 | D:8      | Reached skill level 5 in Dodging
  7814 | D:8      | Reached XP level 9. HP: 50/57 MP: 0/16
  7899 | D:8      | HP: 1/57 [orc warrior/+0 dire flail (10)]
  8369 | D:8      | Noticed Maurice
  8382 | D:8      | Killed Maurice
  8695 | D:8      | Found a shimmering altar of Xom.
  8695 | D:8      | Found a shimmering altar of Xom.
  8695 | D:8      | Found a shimmering altar of Xom.
  8696 | D:8      | Found a shimmering altar of Xom.
  8913 | D:8      | Found a shimmering altar of Xom.
  8914 | D:8      | Found a shimmering altar of Xom.
  8914 | D:8      | Found a shimmering altar of Xom.
  9801 | D:7      | Found a staircase to the Ecumenical Temple.
  9810 | Temple   | Entered the Ecumenical Temple
 10099 | Temple   | Became a worshipper of Sif Muna the Loreminder
 10612 | D:8      | Reached skill level 1 in Fighting
 10909 | D:8      | Reached skill level 1 in Invocations
 10909 | D:8      | Gained mutation: You have a moderately thin skeletal
                  | structure. (Dex +4, Stealth++) [demonic ancestry]
 10909 | D:8      | Reached XP level 10. HP: 63/66 MP: 1/19
 11215 | D:8      | Reached * piety under Sif Muna
 11389 | D:9      | HP: 2/67 [slime creature (2)]
 11389 | D:9      | Mangled by a slime creature

Illustrated notes

Levels and vault maps discovered:
D:1:      heliophobic_arrival_henge, layout_rooms,
          chequers_ecumenical_altar_simple
D:2:      layout_basic
D:3:      layout_rooms, gammafunk_temple_overflow_forgotten
D:4:      layout_basic, serial_co_window_serial, co_window_corner_a,
          co_window_paths_a, co_window_corner_a, co_window_of_opportunity_a,
          co_window_corner_a, co_window_unsneaky_path_a,
          co_window_unsneaky_path_e, co_window_cross_2, co_window_broadway_c,
          co_window_unsneaky_path_b, glass_columns_c, serial_shops,
          nicolae_shop_behind_doors, item_on_display_a
D:5:      layout_basic, st_stairs_13, uniq_sigmund
D:6:      layout_basic
D:7:      layout_basic, lemuel_temple_firewalk_b, serial_corexii_hall,
          corexii_hall_statues_x, corexii_hall_statues_i
D:8:      layout_cave_pools, xom_shifter_show, serial_shops, shop,
          serial_gnoll_camp, gnoll_camp_mini_basic, gnoll_camp_medium_02,
          gnoll_camp_mini_hut, gnoll_camp_mini_basic, nicolae_lava_and_water,
          uniq_maurice
D:9:      layout_cave_pools, nicolae_kikubaaqudgha_miasma_corner,
          lair_entry_dummy, serial_bayou_lagoon_a
Temple:   jpeg_temple_clearing

Skill      XL: |  1  2  3  4  5  6  7  8  9 |
---------------+----------------------------+-----
Stealth        | 2 3 4 5 6 |  6.6
Dodging        | 2 3 4 5 6 |  6.1
Fire Magic     | 3 4 5 6 |  6.4
Conjurations   | 2 3 4 5 6 |  6.4
Spellcasting   | 3 4 5 6 |  6.2
Fighting       | 1 |  1.8
Invocations    | 1 |  1.4

Action                   |  1- 3 |  4- 6 |  7- 9 | 10-12 || total
-------------------------+-------+-------+-------+-------++-------
Melee: Unarmed           |     8 |       |       |       ||     8
       Sling             |     1 |       |       |       ||     1
       Short sword       |       |    36 |       |       ||    36
       Morningstar       |       |       |    26 |       ||    26
       Flail             |       |       |    15 |       ||    15
 Fire: Sling             |     9 |       |       |       ||     9
       Arbalest          |       |       |    11 |       ||    11
 Cast: Foxfire           |    50 |    71 |   110 |     2 ||   233
       Scorch            |     6 |    42 |   111 |     9 ||   168
       Flame Wave        |       |       |     2 |     1 ||     3
  Use: Scroll            |       |     6 |     6 |       ||    12
       Potion            |       |       |     9 |     1 ||    10
Armor: Robe              |     7 |    29 |    47 |     7 ||    90
Dodge: Dodged            |    17 |    47 |    94 |    17 ||   175
